 Dungeon Crawl Stone Soup version 0.19.1 (webtiles) character file.

118 empire the Ducker (level 4, -7/31 HPs)
             Began as a High Elf Skald on Dec 21, 2016.
             Killed by divine providence
             ... invoked by an orc priest
              (15 damage)
             ... on level 3 of the Dungeon.
             The game lasted 00:05:18 (2434 turns).

empire the Ducker (High Elf Skald)                  Turns: 2434, Time: 00:05:18

Health: -7/31      AC:  3    Str: 11    XL:     4   Next: 72%
Magic:  8/8        EV: 13    Int: 16    God:
Gold:   75         SH:  0    Dex: 15    Spells: 2 memorised, 4 levels left

rFire  . . .     SeeInvis .     a - +0 falchion
rCold  . . .     Gourm    .     r - +0 leather armour
rNeg   . . .     Faith    .     (no shield)
rPois  .         Spirit   .     (no helmet)
rElec  .         Reflect  .     (no cloak)
rCorr  .         Harm     .     (no gloves)
MR     .....                    (no boots)
Stlth  +.........               (no amulet)
                                (no ring)
                                (no ring)

@: no status effects
A: no striking features
a: no special abilities


You were on level 3 of the Dungeon.
You were not hungry.

You visited 1 branch of the dungeon, and saw 3 of its levels.

You collected 75 gold pieces.

Inventory:

Hand Weapons
 a - a +0 falchion (weapon)
Missiles
 f - 12 poisoned needles
 o - 15 arrows
 p - 25 bolts
Armour
 g - a +0 ring mail
 q - a +0 scale mail
 r - a +0 leather armour (worn)
Jewellery
 b - a +4 ring of intelligence {unknown}
Scrolls
 e - a scroll of enchant weapon {unknown}
 i - a scroll of fear {unknown}
 j - a scroll of identify {unknown}
Potions
 k - a potion of berserk rage {unknown}
 l - a potion of curing
 m - a potion of flight {unknown}
 n - a potion of cure mutation {unknown}
Books
 c - a book of Battle

   Spells                             Type                      Level
   a - Infusion                       Charms                       1
   b - Shroud of Golubria             Charms/Translocation         2
   c - Song of Slaying                Charms                       2
   d - Spectral Weapon                Hexes/Charms                 3
   e - Regeneration                   Charms/Necromancy            3
Comestibles
 d - 3 bread rations
 h - a meat ration
 s - 4 chunks of flesh


   Skills:
 - Level 3.1 Fighting
 - Level 3.1 Long Blades
 - Level 0.8 Armour
 + Level 3.9 Dodging
 - Level 2.4 Spellcasting
 - Level 3.6 Charms


You had 4 spell levels left.
You knew the following spells:

 Your Spells              Type           Power        Failure   Level  Hunger
a - Infusion              Chrm           ##..         8%          1    #......
b - Shroud of Golubria    Chrm/Tloc      #.........   21%         2    ###....


Dungeon Overview and Level Annotations

Branches:
Dungeon (3/15)

Altars:

Annotations:
D:2 Sigmund


Message History

The orc priest shouts!
The orc barely misses you. The rat bites you. The orc hits you with a dagger.
The orc priest calls down the wrath of Beogh upon you.
Beogh smites you! The orc barely misses you.
The orc priest miscasts a cantrip.
The orc barely misses you.
You see here a club.
You hit the orc but do no damage. The orc closely misses you.
You riposte.
You closely miss the orc. You closely miss the orc.
The orc hits you but does no damage.
You hit the orc.
The orc is lightly wounded.
The orc hits you with a dagger of speed.
* * * LOW HITPOINT WARNING * * *
The orc closely misses you.
You hit the orc but do no damage.
The orc is lightly wounded.
The orc priest mumbles some strange prayers to Beogh against you.
Beogh smites you!
You die...

......o#o.# ........ .....###
#.....# #.o...# ## ##.##.....
#..# ...#######
##o######........#
####.oro@....#......#
#.....#########.....# ##.###.#
####.....# ####..# #.#
####........# #
##..).####.###(...##.....#.#
####..##..........#####.......#
.....###..........# #...†.#....
.<..## #..........# ####.....##
....# #.....<....# #.......


You could see an orc priest, 2 orcs and a rat.

Vanquished Creatures
  Natasha (twice) (D:2)
  A gnoll (D:1)
  2 adders (D:2)
  A leopard gecko (D:1)
  2 ball pythons
  5 bats
  4 goblins
  3 hobgoblins
  4 jackals
  7 kobolds
  A quokka (D:2)
  3 frilled lizards
  4 rats
39 creatures vanquished.

Notes
Turn   | Place    | Note
-------+----------+-------------------------------------------
     0 | D:1      | empire the High Elf Skald began the quest for the Orb.
     0 | D:1      | Reached XP level 1. HP: 14/14 MP: 4/4
   508 | D:1      | Reached XP level 2. HP: 19/19 MP: 6/6
   859 | D:1      | HP: 1/20 [hobgoblin (3)]
  1166 | D:1      | Learned a level 2 spell: Shroud of Golubria
  1601 | D:2      | Noticed Sigmund
  1656 | D:1      | Reached XP level 3. HP: 11/26 MP: 2/7
  2123 | D:2      | Noticed Natasha
  2138 | D:2      | Killed Natasha
  2225 | D:2      | Noticed Natasha
  2244 | D:2      | Reached XP level 4. HP: 26/31 MP: 8/8
  2373 | D:2      | Killed Natasha
  2434 | D:3      | Killed from afar by an orc priest

Skill      XL: |  1  2  3  4 |
---------------+-------------+-----
Long Blades    | 3 |  3.1
Fighting       | 3 |  3.1
Dodging        | 2 3 |  3.9
Armour         | |  0.8
Spellcasting   | |  2.4
Charms         | |  3.6

Action                   |  1- 3 |  4- 6 || total
-------------------------+-------+-------++-------
Melee: Falchion          |   115 |    27 ||   142
 Cast: Infusion          |     8 |     2 ||    10
  Use: Potion            |     3 |     1 ||     4
  Eat: Chunk             |     4 |     1 ||     5
Armor: Leather armour    |    38 |     8 ||    46
Dodge: Dodged            |    97 |    23 ||   120
       Rpst.: Falchion   |    30 |     6 ||    36
